 Dungeon Crawl Stone Soup version 0.26.1-2-gb8aa6d0cf2 (webtiles) character file.

Game seed: 7540412356498717147

177 st0uf the Ruffian (level 5, -9/40 HPs)
             Began as a Draconian Transmuter on Mar 19, 2021.
             Mangled by an orc
             ... wielding a +0 morningstar
              (12 damage)
             ... on level 7 of the Dungeon.
             The game lasted 00:14:39 (2714 turns).

st0uf the Ruffian (Draconian Transmuter)            Turns: 2714, Time: 00:14:40

Health: -9/40      AC:  6    Str: 13    XL:     5   Next: 30%
Magic:  9/9        EV: 12    Int: 14    God:
Gold:   188        SH:  0    Dex: 11    Spells: 6/10 levels left

rFire    . . .     SeeInvis .     - Unarmed
rCold    . . .     Faith    .   (no shield)
rNeg     . . .     Spirit   .   (armour unavailable)
rPois    .         Reflect  .   (helmet currently unavailable)
rElec    .         Harm     .   (no cloak)
rCorr    .         Rampage  .   m - +0 pair of gloves
Will     .....                  (boots currently unavailable)
Stlth    +.........             (no amulet)
HPRegen  0.13/turn              (no ring)
MPRegen  0.11/turn              (no ring)

@: appendages (expiring)
A: unfitting armour, horns 2, talons 2, cold-blooded, AC +5
a: End Transformation


You were on level 7 of the Dungeon.
You had grown temporary horns.
You had grown temporary talons.
You visited 1 branch of the dungeon, and saw 5 of its levels.

You collected 188 gold pieces.

Inventory:

Missiles
 i - 27 arrows
 k - 4 boomerangs of dispersal
Armour
 b - a +2 tower shield
 h - a +0 buckler
 m - a +0 pair of gloves (worn)
Jewellery
 e - a cursed -4 ring of dexterity {unknown}
Wands
 r - a wand of flame (27)
Scrolls
 a - 5 scrolls of identify {unknown}
 c - 4 scrolls of amnesia {unknown}
 g - a scroll of remove curse {unknown}
 l - 2 scrolls of teleportation {unknown}
 n - a scroll of immolation {unknown}
 o - a scroll of blinking {unknown}
 q - a scroll of magic mapping {unknown}
 t - a scroll of brand weapon {unknown}
 v - a scroll of fog {unknown}
Potions
 d - 3 potions of ambrosia {unknown}
 f - a potion of attraction {unknown}
 j - 2 potions of curing {unknown}
 p - a potion of brilliance {unknown}
 s - a potion of flight {unknown}
 u - a potion of lignification {unknown}


   Skills:
 + Level 1.2 Fighting
 + Level 2.4 Dodging
 + Level 4.5 Unarmed Combat
 + Level 3.1 Spellcasting
 + Level 2.9 Transmutations


You had 6 spell levels left.
You knew the following spells:

 Your Spells              Type           Power        Failure   Level
a - Beastly Appendage     Tmut           20%          6%          1
b - Spider Form           Tmut/Pois      3%           34%         3

Your spell library contained the following spells:

 Spells                   Type           Power        Failure   Level
 Wereblood                Tmut           10%          10%         2
 Ice Form                 Ice/Tmut       6%           75%         4
 Blade Hands              Tmut           5%           86%         5


Dungeon Overview and Level Annotations

Branches:
Dungeon (4/15)             Temple (0/1) D:4

Altars:
Uskayaw
Xom

Annotations:
D:2 Sigmund


Innate Abilities, Weirdness & Mutations

Your plain brown scales are hard. (AC +5)
You cannot fit into any form of body armour.
You are cold-blooded and may be slowed by cold attacks.
You have a pair of horns on your head.
You have razor-sharp toenails.


Message History

The orc wizard barely misses you.
You closely miss the orc wizard.
The orc wizard is moderately wounded.
The orc wizard barely misses you. The orc misses you.
You barely miss the orc wizard. Your kick misses the orc wizard.
Your headbutt misses the orc wizard.
The orc wizard is moderately wounded.
The orc wizard hits you with a cursed -3 quarterstaff.
* * * LOW HITPOINT WARNING * * *
The orc barely misses you.
You hit the orc wizard. Your kick misses the orc wizard.
Your tail-slap misses the orc wizard.
The orc wizard is heavily wounded.
The orc wizard hits you with a cursed -3 quarterstaff.
* * * LOW HITPOINT WARNING * * *
You hit the orc wizard.
The orc wizard is almost dead.
The orc wizard hits you but does no damage.
The orc hits you with a +0 morningstar!
You die...

..###...####### ..#.....# #...
#.....#..###.# +.............#
##.....#..#.#.##
#######+#.......# ##+########
#.........###...###.........#
+.............o...>.........#
#...........#.#@............####
#.........#.#)##o#..............
#..................#....#.......
#.............#....#....#.......
#........######.#.......#.......
#........# #.#.......#.......
########## ####......#.......
#......#....... #......#.......


You could see an orc wizard (fast) and an orc.

Vanquished Creatures
  A bullfrog zombie (D:7)
  A hound (D:7)
  A jelly (D:7)
  A white imp (D:7)
  An ooze (D:3)
  2 dart slugs (D:1)
  2 leopard geckos
  An orc (D:7)
  A ball python (D:2)
  5 giant cockroaches
  8 goblins
  7 hobgoblins
  8 jackals
  5 kobolds
  A quokka (D:3)
  A ball python skeleton (D:4)
  5 bats
  2 frilled lizards
  5 rats
58 creatures vanquished.

Notes
Turn   | Place    | Note
-------+----------+-------------------------------------------
     0 | D:1      | st0uf the Draconian Transmuter began the quest for the Orb.
     0 | D:1      | Reached XP level 1. HP: 16/16 MP: 3/3
   281 | D:1      | Reached XP level 2. HP: 18/23 MP: 3/5
  1218 | D:2      | Reached XP level 3. HP: 26/28 MP: 4/6
  1222 | D:2      | Learned a level 3 spell: Spider Form
  1276 | D:2      | Found a shimmering altar of Xom.
  1276 | D:2      | Found a shimmering altar of Xom.
  1653 | D:2      | Noticed Sigmund
  2445 | D:4      | Found a staircase to the Ecumenical Temple.
  2457 | D:4      | Reached XP level 4. HP: 33/35 MP: 6/8
  2520 | D:4      | Found a hide-covered altar of Uskayaw.
  2581 | D:4      | You fall into a shaft and drop 3 floors!
  2652 | D:7      | Reached skill level 4 in Unarmed Combat
  2652 | D:7      | Reached XP level 5. HP: 19/40 MP: 9/9
  2714 | D:7      | Mangled by an orc

Illustrated notes

Levels and vault maps discovered:
D:1:      kennysheep_arrival_forest, layout_basic
D:2:      layout_basic, xom_redecorated, uniq_sigmund
D:3:      layout_loops_ring
D:4:      layout_loops_corners, kennysheep_mini, minmay_temple_entry_statues,
          gup_sewer_entry_glass
D:7:      layout_basic, grunt_temple_overflow_open, nzn_hepliaklqana_mist_gate,
          serial_shops, nicolae_shop_waterfront

Skill      XL: |  1  2  3  4 |
---------------+-------------+-----
Dodging        | 2 |  2.4
Spellcasting   | 3 |  3.1
Unarmed Combat | 4 |  4.5
Fighting       | |  1.2
Transmutations | |  2.9

Action                   |  1- 3 |  4- 6 || total
-------------------------+-------+-------++-------
Melee: Unarmed           |   132 |    33 ||   165
       Tailslap          |    11 |     4 ||    15
       Kick              |    25 |     7 ||    32
       Headbutt          |    19 |     6 ||    25
 Cast: Beastly Appendage |    34 |     4 ||    38
Armor: Skin              |    40 |     8 ||    48
Dodge: Dodged            |    79 |    14 ||    93
